 Dungeon Crawl Stone Soup version 0.29-a0-294-g83ea962da3 (webtiles) character file.

Game seed: 14070205018975660864

72 kae the Firebug (level 4, -7/24 HPs)
             Began as a Tengu Fire Elementalist on Mar 18, 2022.
             Killed by nerve-wracking pain
             ... invoked by an orc priest
              (11 damage)
             ... on level 3 of the Dungeon.
             The game lasted 00:01:05 (2583 turns).

kae the Firebug (Tengu Fire Elementalist)           Turns: 2583, Time: 00:01:06

Health: -7/24      AC:  2    Str:  8    XL:     4   Next: 25%
Magic:  5/8        EV: 12    Int: 17    God:
Gold:   126        SH:  3    Dex: 15    Spells: 2/8 levels left

rFire   . . .      SeeInvis .   (no weapon)
rCold   . . .      Faith    .   c - +0 buckler
rNeg    . . .      Spirit   .   a - +0 robe
rPois   .          Reflect  .   (helmet restricted)
rElec   .          Harm     .   (no cloak)
rCorr   .          Rampage  .   (no gloves)
Will    .....                   (boots unavailable)
Stlth   ++........              (no amulet)
HPRegen 0.08/turn               (no ring)
MPRegen 0.11/turn               (no ring)

@: no status effects
A: beak, talons 3
a: no special abilities


You were on level 3 of the Dungeon.
You visited 1 branch of the dungeon, and saw 3 of its levels.

You collected 126 gold pieces.

Inventory:

Armour
 a - a +0 robe (worn)
 c - a +0 buckler (worn)
Scrolls
 d - a scroll of enchant armour {unknown}
 e - a scroll of fear
 f - a scroll of immolation {unknown}
 g - a scroll of torment {unknown}
 i - 2 scrolls of identify {unknown}
 k - a scroll of teleportation {unknown}
Potions
 b - a potion of magic
 h - a potion of curing {unknown}
 j - a potion of lignification {unknown}


   Skills:
 - Level 2.1 Dodging
 - Level 2.0 Stealth
 + Level 2.5 Spellcasting
 + Level 2.8 Conjurations
 * Level 4.5 Fire Magic


You had 2 spell levels left.
You knew the following spells:

 Your Spells              Type           Power      Damage    Failure   Level
a - Foxfire               Conj/Fire      56%        2x1d6     5%          1
b - Scorch                Fire           34%        2d7       6%          2
c - Conjure Flame         Conj/Fire      14%        6-21      16%         3

Your spell library contained the following spells:

 Spells                   Type           Power      Damage    Failure   Level
 Ensorcelled Hibernation  Hex/Ice        4%         N/A       36%         2
 Passwall                 Tmut/Erth      1%         N/A       36%         2
 Inner Flame              Hex/Fire       9%         N/A       28%         3
 Flame Wave               Conj/Fire      14%        2d6       47%         4
 Call Canine Familiar     Summ           2%         N/A       58%         3
 Portal Projectile        Hex/Tloc       4%         N/A       58%         3
 Swiftness                Air            2%         N/A       58%         3
 Leda's Liquefaction      Hex/Erth       1%         N/A       94%         4


Dungeon Overview and Level Annotations

Branches:
Dungeon (3/15)

Altars:
Wu Jian

Shops:
D:1 ?


Innate Abilities, Weirdness & Mutations

You have a beak for a mouth.
You have claws for feet.


Message History

Casting: Foxfire (safe; 5% risk of failure)
Confirm with . or Enter, or press ? or * to list all spells.
You don't have enough magic to cast this spell.
As you read the scroll of fear, it crumbles to dust.
You assume a fearsome visage.
The orc priest looks frightened!
The orc looks frightened!
You climb upwards.
There is a stone staircase leading down here.
Your magical contamination has completely faded away.
Magic restored.
HP restored.
Done exploring.
Done exploring.
Done exploring.
Done exploring.
You climb downwards.
There is a stone staircase leading up here.
Casting: Foxfire (safe; 5% risk of failure)
Confirm with . or Enter, or press ? or * to list all spells.
You conjure some foxfire!
The foxfire hits the orc but does no damage.
The foxfire hits the orc.
The orc is heavily wounded.
Casting: Foxfire (safe; 5% risk of failure)
Confirm with . or Enter, or press ? or * to list all spells.
You conjure some foxfire!
The orc hits you with a +0 short sword.
The orc priest invokes the aid of Beogh against you.
Beogh smites you!
The foxfire hits the orc.
The orc is severely wounded.
The foxfire hits the orc priest but does no damage.
The orc hits you with a +0 short sword.
* * * LOW HITPOINT WARNING * * *
The orc priest closely misses you.
Casting: Foxfire (safe; 5% risk of failure)
Confirm with . or Enter, or press ? or * to list all spells.
You conjure some foxfire!
The orc completely misses you.
The orc priest invokes the aid of Beogh against you.
Pain shoots through your body!
You die...

#. .. .# [
#.
#####)####
......ov.#
#....o@.#
#.....v.#
#.......#
#.......#
#.......#
.........#
#.########
..


You could see an orc priest and an orc (ally target).

Vanquished Creatures
  3 adders
  A dart slug (D:1)
  2 orcs (D:3)
  5 ball pythons
  5 bats (D:1)
  2 endoplasms
  A giant cockroach (D:1)
  3 hobgoblins (D:1)
  4 quokkas
  A frilled lizard (D:1)
  4 kobolds
  10 rats
41 creatures vanquished.

Vanquished Creatures (collateral kills)
  3 foxfires (D:1)
3 creatures vanquished.

Vanquished Creatures (others)
  181 foxfires
  15 plants (D:1)
196 creatures vanquished.

Grand Total: 240 creatures vanquished

Notes
Turn   | Place    | Note
-------+----------+-------------------------------------------
     0 | D:1      | kae the Tengu Fire Elementalist began the quest for the
                  | Orb.
     0 | D:1      | Reached XP level 1. HP: 10/10 MP: 4/4
   277 | D:1      | Reached XP level 2. HP: 15/15 MP: 0/6
   739 | D:1      | Found Hamog's Magic Scroll Shoppe.
   838 | D:1      | Reached skill level 4 in Fire Magic
   838 | D:1      | Reached XP level 3. HP: 19/19 MP: 4/7
  1399 | D:1      | Learned a level 2 spell: Scorch
  1403 | D:1      | Learned a level 3 spell: Conjure Flame
  2118 | D:2      | Found an ornate altar of the Wu Jian Council.
  2263 | D:2      | Reached XP level 4. HP: 24/24 MP: 5/8
  2583 | D:3      | Killed from afar by an orc priest

Illustrated notes

Levels and vault maps discovered:
D:1:      ncdulo_wetmaze, layout_basic, serial_shops, shop, minivault_26,
          serial_bayou_lagoon_a, hex_large
D:2:      layout_basic, basic_altar, kennysheep_nub
D:3:      layout_loops_cross, fedhas_altar_fruit_tree, gammafunk_ghost_smash,
          hellmonk_ecumenical_altar_slurped_away

Skill      XL: |  1  2 |
---------------+-------+-----
Conjurations   | 2 |  2.8
Fire Magic     | 4 |  4.5
Dodging        | |  2.1
Stealth        | |  2.0
Spellcasting   | |  2.5

Action                   |  1- 3 |  4- 6 || total
-------------------------+-------+-------++-------
Melee: Unarmed           |     7 |       ||     7
       Kick              |     1 |       ||     1
       Peck              |     1 |       ||     1
 Cast: Foxfire           |    93 |    10 ||   103
  Use: Scroll            |     1 |     1 ||     2
Armor: Robe              |     6 |     1 ||     7
Dodge: Dodged            |    19 |     4 ||    23
Block: Buckler           |     1 |     1 ||     2

Table legend: (Time is in decaauts)
 A = Elapsed time spent in this place.
 B = Non-inter-level travel time spent in this place.
 C = Inter-level travel time spent in this place.
 D = Time resting spent in this place.
 E = Time spent auto-exploring this place.
 F = Levels seen in this place.
 G = Mean time per level.
                   A        B        C        D        E       F      G
               +--------+--------+--------+--------+--------+-----+--------+
         Total |   2592 |   2513 |     79 |      3 |   2159 |   3 |  864.0 |
       Dungeon |   2592 |   2513 |     79 |      3 |   2159 |   3 |  864.0 |
               +--------+--------+--------+--------+--------+-----+--------+

Top non-repeatable levels by time:
     D:1: 1439 daAuts
     D:2: 1129 daAuts
     D:3: 24 daAuts
